 Dungeon Crawl Stone Soup version 0.24-a0-284-g9fb9971 (webtiles) character file.

Game seed: 3412826957226914456

344 MatthieuS the Ruffian (level 6, 0/58 HPs)
             Began as a Naga Monk on May 5, 2019.
             Succumbed to a worker ant's poison
             ... on level 4 of the Dungeon.
             The game lasted 00:08:50 (4156 turns).

MatthieuS the Ruffian (Naga Monk)                   Turns: 4156, Time: 00:08:51

Health: 0/58       AC:  6    Str: 19 (20) XL:     6   Next: 58%
Magic:  6/6        EV:  8    Int:  8 (10) God:
Gold:   133        SH:  0    Dex: 12 (14) Spells: 5/5 levels left

rFire    + . .     SeeInvis +     - Unarmed
rCold    . . .     Gourm    .   (no shield)
rNeg     . . .     Faith    .   t - +1 scale mail
rPois    +         Spirit   .   (no helmet)
rElec    .         Reflect  .   (no cloak)
rCorr    .         Harm     .   (no gloves)
MR       .....                  (no barding)
Stlth    +.........             (no amulet)
HPRegen  0.19/turn              q - ring of protection from fire
MPRegen  0.10/turn              (no ring)

@: mighty, lethally poisoned (0 -> -2), short of breath, very slightly
contaminated, hasted, invisible, quick
A: large, see invisible, deformed body, poison resistance, slowness 2, slow
metabolism 1, spit poison 1, AC +2
a: Spit Poison


You were on level 4 of the Dungeon.
You were not hungry.

You visited 1 branch of the dungeon, and saw 4 of its levels.

You collected 133 gold pieces.

Inventory:

Hand Weapons
 c - a +1 whip of electrocution
   (You took it off a kobold on level 1 of the Dungeon)
Armour
 t - a +1 scale mail (worn)
   (You found it on level 3 of the Dungeon)
Jewellery
 q - a ring of protection from fire (left hand)
   (You found it on level 2 of the Dungeon)
Wands
 u - a wand of polymorph (6)
   (You found it on level 3 of the Dungeon)
Scrolls
 a - a scroll of immolation {!r}
 h - 2 scrolls of enchant weapon
 i - 3 scrolls of remove curse {@r2}
 j - 3 scrolls of teleportation {@r4}
 r - a scroll of identify {@r1}
Potions
 f - a potion of flight
Comestibles
 e - 14 rations


   Skills:
 + Level 4.7 Fighting
 - Level 2.4 Dodging
 - Level 3.0 Stealth
 * Level 6.1 Unarmed Combat


You had 5 spell levels left.
You didn't know any spells.
Your spell library was empty.

Dungeon Overview and Level Annotations

Branches:
Dungeon (4/15)
 Temple: D:4-7

Altars:
Ashenzari
Dithmenos
Okawaru
Wu Jian


Innate Abilities, Weirdness & Mutations

You cannot wear boots.
Your serpentine skin is tough. (AC +2)
You have supernaturally acute eyesight. (SInv)
Armour fits poorly on your strangely shaped body.
Your system is resistant to poisons. (rPois)
You cover ground very slowly.
You have a slow metabolism.
You can spit poison.


Message History

The worker ant poisons you!
You barely miss the worker ant.
You feel sick. The worker ant bites you.
* * * LOW HITPOINT WARNING * * *
The worker ant bites you.
* * * LOW HITPOINT WARNING * * *
You feel sick.
Things that are here:
a +0 dagger; a cursed +0 robe; an orc corpse You hit the worker ant.
You feel sick.
The worker ant bites you but does no damage.
The worker ant barely misses you.
You closely miss the worker ant. The worker ant barely misses you. x2
You hit the worker ant but do no damage.
You feel sick. The worker ant closely misses you.
The worker ant barely misses you.
You barely miss the worker ant.
You feel sick.
The worker ant barely misses you. x2; The worker ant closely misses you.
Unknown command.
You closely miss the worker ant. The worker ant bites you.
* * * LOW HITPOINT WARNING * * *
The worker ant closely misses you.
You punch the worker ant!
You kill the worker ant!
Your Unarmed Combat skill increases to level 6!
The worker ant bites you.
* * * LOW HITPOINT WARNING * * *
Aim: a worker ant The splash of poison hits the worker ant.
The worker ant is poisoned.
You feel slightly more hungry.
You feel sick. The worker ant bites you.
* * * LOW HITPOINT WARNING * * *
It was a potion of degeneration.
There was something very wrong with that liquid.
You feel weakened.
You feel dopey.
You feel clumsy. The worker ant barely misses you.
It was a potion of haste.
You feel yourself speed up.
You feel sick. The worker ant bites you.
* * * LOW HITPOINT WARNING * * *
It was a potion of might.
You feel very mighty all of a sudden. The worker ant barely misses you.
It was a potion of invisibility.
You fade into invisibility!
The worker ant barely misses you.
An orc comes into view.
You are very lightly contaminated with residual magic.
You catch the helpless worker ant completely off-guard!
You punch the worker ant!
You kill the worker ant!
You die...

.......... .#.....
........... #. .#$....
....<.....# #.. ......#
.<...#..... #.. .....o.
.........### #.. .......
...........# #.##.......
.#..#.>..#.####..........
.>..............††.......
.##........####.@#.......
.##........# #...#.......
.##........###...#.......
.##........##...#########
.#######..........# ##
#..........#
###..........#
####............#
#....#..........#


You could see an orc (wandering).

Vanquished Creatures
  2 howler monkeys (D:3)
  An orc wizard (D:4)
  3 worker ants
  8 adders
  4 worms
  4 dart slugs
  2 leopard geckos
  7 orcs
  7 bats
  3 giant cockroaches
  7 goblins
  8 hobgoblins
  4 frilled lizards
  10 kobolds
  10 rats
80 creatures vanquished.

Vanquished Creatures (others)
  An orc (D:4)
1 creature vanquished.

Grand Total: 81 creatures vanquished

Notes
Turn   | Place    | Note
-------+----------+-------------------------------------------
     0 | D:1      | MatthieuS the Naga Monk began the quest for the Orb.
     0 | D:1      | Reached XP level 1. HP: 21/21 MP: 1/1
   151 | D:1      | Reached XP level 2. HP: 23/28 MP: 2/2
   716 | D:1      | Reached XP level 3. HP: 28/34 MP: 3/3
  1146 | D:2      | Reached skill level 4 in Unarmed Combat
  1545 | D:2      | Reached XP level 4. HP: 44/44 MP: 4/4
  2281 | D:2      | Found a faded altar of an unknown god.
  2334 | D:2      | Found a shattered altar of Ashenzari.
  2461 | D:2      | Found a shadowy altar of Dithmenos.
  2479 | D:2      | Found an ornate altar of the Wu Jian Council.
  2592 | D:3      | Reached XP level 5. HP: 38/50 MP: 5/5
  2948 | D:3      | Reached skill level 5 in Unarmed Combat
  3144 | D:3      | Found an iron altar of Okawaru.
  3780 | D:3      | Reached XP level 6. HP: 19/58 MP: 6/6
  4150 | D:4      | Reached skill level 6 in Unarmed Combat
  4153 | D:4      | HP: 1/58 [worker ant (6)]
  4156 | D:4      | Succumbed to a worker ant's poison

Levels and vault maps discovered:
D:1:      scummos_arrival_simple_crosswalls, layout_rooms
D:2:      layout_basic, lemuel_round_altar, minitemple,
          chequers_ecumenical_altar_simple, minivault_14
D:3:      layout_loops_ring, kennysheep_okawaru_gauntlet
D:4:      layout_rooms, lemuel_doored_altar, elyvilon_altar_4

Skill      XL: |  1  2  3  4  5  6 |
---------------+-------------------+-----
Unarmed Combat | 4 5 6 |  6.1
Fighting       | 4 |  4.7
Dodging        | |  2.4
Stealth        | |  3.0

Action                   |  1- 3 |  4- 6 || total
-------------------------+-------+-------++-------
Melee: Unarmed           |    90 |   202 ||   292
       Punch             |     2 |     6 ||     8
 Abil: Spit Poison       |     9 |    23 ||    32
Evoke: Wand              |       |     2 ||     2
  Use: Scroll            |       |     8 ||     8
       Potion            |       |     7 ||     7
 Stab: Sleeping          |     3 |     3 ||     6
       Distracted        |     1 |       ||     1
       Invisible         |       |     1 ||     1
  Eat: Chunk             |     1 |     8 ||     9
Armor: Robe              |    14 |    27 ||    41
       Scale mail        |       |    44 ||    44
       Skin              |       |     3 ||     3
Dodge: Dodged            |    56 |   121 ||   177

Table legend:
 A = Non-vault XP
 B = Vault XP
 C = Vault XP percentage of total XP
 D = Non-vault monster count
 E = Vault monster count
 F = Vault count percentage of total count
                 A         B        C        D         E       F
            +---------+---------+-------+---------+---------+-------
      Total |     489 |       3 |   0.6 |      78 |       2 |   2.5
            +---------+---------+-------+---------+---------+-------
        D:1 |      38 |       0 |   0.0 |      20 |       0 |   0.0
        D:2 |     133 |       0 |   0.0 |      31 |       0 |   0.0
        D:3 |     212 |       3 |   1.4 |      24 |       2 |   7.7
        D:4 |     106 |       0 |   0.0 |       3 |       0 |   0.0
            +---------+---------+-------+---------+---------+-------
